[Event "Titled Tuesday Blitz April 11 Early 2023"]
[White "Okike, David"]
[Black "Krysa, Leandro"]
[WhiteFideId "8500134"]
[BlackFideId "116807"]
[WhiteElo "2232"]
[BlackElo "2489"]
[Result "0-1"]
[Round "02"]
[TimeControl "180+2"]
[Date "2023.04.11"]
[WhiteClock "0:01:37"]
[BlackClock "0:00:42"]

1. e4 c5 2. Nf3 Nc6 3. d4 cxd4 4. Nxd4 Nf6 5. Nc3 d6 6. Bg5 e6 7. f3 a6 8. Qd2 h6 9. Be3 Bd7 10. O-O-O Rc8 11. Kb1 b5 12. Nxc6 Bxc6 13. Ne2 e5 14. Nc3 Be7 15. g4 Qa5 16. h4 b4 17. Nd5 Bxd5 18. exd5 Nd7 19. Qd3 Nc5 20. Qf5 Rc7 21. g5 g6 22. Qg4 h5 23. Qg2 O-O 24. f4 exf4 25. Bd4 Rfc8 26. Rd2 b3 27. a3 f3 28. Qxf3 Qxd2 29. Bd3 Nxd3 0-1


[Site "https://www.chess.com"]

[Event "Titled Tuesday Blitz April 11 Early 2023"]
[White "Mendez Fortes, Eduardo Jesus"]
[Black "Ronka, Erik"]
[WhiteFideId "3502376"]
[BlackFideId "505080"]
[WhiteElo "2307"]
[BlackElo "2264"]
[Result "1-0"]
[Round "02"]
[TimeControl "180+2"]
[Date "2023.04.11"]
[WhiteClock "0:00:07"]
[BlackClock "0:00:02"]

1. e4 c6 2. d4 d5 3. Nc3 dxe4 4. Nxe4 Bf5 5. Ng3 Bg6 6. Nh3 e6 7. Nf4 Bd6 8. h4 Qc7 9. Nxg6 hxg6 10. Ne4 Nf6 11. Ng5 Bf4 12. Bxf4 Qxf4 13. g3 Qd6 14. Qd2 Nbd7 15. O-O-O Qd5 16. Bd3 Qxa2 17. Qb4 b5 18. Rhe1 a5 19. Qd6 Qd5 20. Qf4 O-O 21. g4 Rfe8 22. Re5 Qa2 23. h5 gxh5 24. gxh5 Re7 25. h6 g6 26. h7+ Kh8 27. Rc5 Qa1+ 28. Kd2 Qxb2 29. Rxc6 Qb4+ 30. c3 e5 31. Qf3 Qb2+ 32. Ke1 exd4+ 33. Kf1 Rae8 34. Rxf6 Qxc3 35. Rd6 f5 36. Kg2 Qc5 37. Qf4 Ne5 38. Ra6 Nxd3 39. Rxd3 Qd5+ 40. Rf3 Re5 41. Ra7 d3 42. Nf7+ Kxh7 43. Nxe5+ Kg8 44. Qg3 Re6 45. Nxg6 1-0


[Site "https://www.chess.com"]

[Event "Titled Tuesday Blitz April 11 Early 2023"]
[White "Kvaloy, Aksel Bu"]
[Black "Krzywda, Andrzej"]
[WhiteFideId "1528815"]
[BlackFideId "1114565"]
[WhiteElo "2208"]
[BlackElo "2155"]
[Result "1-0"]
[Round "02"]
[TimeControl "180+2"]
[Date "2023.04.11"]
[WhiteClock "0:01:11"]
[BlackClock "0:00:13"]

1. d4 d5 2. c4 dxc4 3. Nf3 Nf6 4. e3 e6 5. Bxc4 c5 6. O-O Nc6 7. Nc3 a6 8. h3 b5 9. Bd3 Bb7 10. a4 bxa4 11. Nxa4 cxd4 12. exd4 Be7 13. Nc5 Bxc5 14. dxc5 O-O 15. Bf4 Nd5 16. Bd6 Re8 17. Qb3 Qc8 18. Ra4 e5 19. Bc4 Nf4 20. Bxf7+ Kh8 21. Bxe8 Nxh3+ 22. gxh3 Nd4 23. Nxd4 Qxh3 24. Qxh3 1-0


[Site "https://www.chess.com"]

[Event "Titled Tuesday Blitz April 11 Early 2023"]
[White "Iljin, Timofey"]
[Black "Parkhov, Yair"]
[WhiteFideId "14110180"]
[BlackFideId "2813408"]
[WhiteElo "2382"]
[BlackElo "2421"]
[Result "1-0"]
[Round "02"]
[TimeControl "180+2"]
[Date "2023.04.11"]
[WhiteClock "0:00:21"]
[BlackClock "0:00:01"]

1. d4 Nf6 2. c4 g6 3. Nc3 Bg7 4. e4 O-O 5. f4 c5 6. d5 e6 7. e5 Nh5 8. Nf3 exd5 9. g4 d4 10. Nd5 d6 11. gxh5 Nc6 12. Be2 dxe5 13. fxe5 Nxe5 14. O-O Bh3 15. Re1 Re8 16. Bf4 Nxf3+ 17. Bxf3 Qd7 18. h6 Bh8 19. Qd2 Qf5 20. Ne7+ Rxe7 21. Rxe7 Bf6 22. Re4 g5 23. Rae1 Rf8 24. Bd6 Qxf3 25. Bxf8 d3 26. Bxc5 Be6 27. R4e3 Qg4+ 28. Rg3 Qxc4 29. Rxg5+ Kh8 30. Qg2 Bxg5 31. Qxg5 f6 32. Qg7# 1-0


[Site "https://www.chess.com"]

[Event "Titled Tuesday Blitz April 11 Early 2023"]
[White "Alex_Sahakyan2006"]
[Black "Gracia Alvarez, Gerardo Antonio"]
[BlackFideId "5109124"]
[WhiteElo "2629"]
[BlackElo "2160"]
[Result "0-1"]
[Round "02"]
[TimeControl "180+2"]
[Date "2023.04.11"]
[WhiteClock "0:01:18"]
[BlackClock "0:00:05"]

1. d4 Nf6 2. Nf3 g6 3. Nc3 d5 4. Bf4 Bg7 5. e3 O-O 6. Nb5 Ne8 7. c4 c6 8. Nc3 Bg4 9. h3 Bxf3 10. Qxf3 e6 11. Bd3 Nd7 12. O-O dxc4 13. Bxc4 e5 14. dxe5 Nxe5 15. Bxe5 Bxe5 16. Rad1 Qe7 17. Ne4 Bxb2 18. Rd2 Nf6 19. Ng5 Be5 20. Rfd1 h6 21. Nxf7 Rxf7 22. Bxf7+ Qxf7 23. g3 Nd5 24. Qxf7+ Kxf7 25. e4 Nc3 26. Rd7+ Ke6 27. R1d3 Nxe4 28. Rh7 b5 29. Rxh6 Kf6 30. Rh7 Nc5 31. Rf3+ Ke6 32. Re3 Kd5 33. Kg2 a5 34. f4 Bd4 35. Re2 b4 36. g4 a4 37. f5 gxf5 38. Rh5 b3 39. axb3 axb3 40. Rxf5+ Kc4 41. Rf4 Ra2 42. Kf3 b2 0-1


[Site "https://www.chess.com"]

[Event "Titled Tuesday Blitz April 11 Early 2023"]
[White "Borgaonkar Akshay"]
[Black "ArtemDyachuk"]
[WhiteFideId "25639110"]
[WhiteElo "2063"]
[BlackElo "2393"]
[Result "1-0"]
[Round "02"]
[TimeControl "180+2"]
[Date "2023.04.11"]
[WhiteClock "0:00:42"]
[BlackClock "0:00:02"]

1. a3 e5 2. c4 Nf6 3. e3 b6 4. Nc3 Bb7 5. b3 Be7 6. Bb2 O-O 7. d3 Re8 8. Nf3 Rf8 9. Nxe5 d5 10. cxd5 Nxd5 11. Be2 Bf6 12. Ne4 Bxe5 13. Bxe5 Re8 14. Bb2 f5 15. Nc3 Nf6 16. Bf3 Bxf3 17. Qxf3 Nbd7 18. Nd5 Nxd5 19. Qxd5+ Kh8 20. Qxf5 Nc5 21. Rd1 Qd6 22. O-O Re6 23. b4 Nd7 24. Qg5 Rg6 25. Qh4 Re8 26. e4 c5 27. bxc5 Nxc5 28. Qh3 Ne6 29. g3 Rf8 30. Qh5 Nf4 31. Qe5 Qd7 32. f3 Qh3 33. Rf2 Nh5 34. Rg2 h6 35. Rf1 Nf6 36. Qf5 Qxf5 37. exf5 Rg5 38. g4 Nd5 39. h4 1-0


[Site "https://www.chess.com"]

[Event "Titled Tuesday Blitz April 11 Early 2023"]
[White "Srinath, Rao S.V."]
[Black "krucki03"]
[WhiteFideId "5028876"]
[WhiteElo "2196"]
[BlackElo "2393"]
[Result "0-1"]
[Round "02"]
[TimeControl "180+2"]
[Date "2023.04.11"]
[WhiteClock "0:00:07"]
[BlackClock "0:00:05"]

1. d4 Nf6 2. Nf3 c5 3. e3 b6 4. Bd3 Bb7 5. O-O e6 6. b3 Be7 7. Bb2 cxd4 8. exd4 Be4 9. Re1 d5 10. Ne5 O-O 11. Bxe4 Nxe4 12. Nd2 Nxd2 13. Qxd2 Bf6 14. Qf4 Nd7 15. Rad1 Rc8 16. Re2 Qc7 17. h4 Rfd8 18. h5 h6 19. Rd3 Nxe5 20. dxe5 Bg5 21. Qg4 Qc5 22. Rg3 Qf8 23. f4 Be7 24. f5 exf5 25. Qxf5 Rc6 26. e6 fxe6 27. Qg6 Bc5+ 28. Kh1 Rd7 29. Rf3 Rf7 30. Rxe6 Rxf3 31. Rxc6 Rf1+ 32. Kh2 Qf4+ 33. g3 Qf2+ 34. Kh3 Rh1+ 35. Kg4 Qe2+ 36. Kf5 Qe4# 0-1


[Site "https://www.chess.com"]

[Event "Titled Tuesday Blitz April 11 Early 2023"]
[White "Perez Gormaz, Matias"]
[Black "Valle Maytin, Luis Enrique"]
[WhiteFideId "3406342"]
[BlackFideId "3503666"]
[WhiteElo "2362"]
[BlackElo "2225"]
[Result "1-0"]
[Round "02"]
[TimeControl "180+2"]
[Date "2023.04.11"]
[WhiteClock "0:00:08"]
[BlackClock "0:00:01"]

1. e4 c6 2. Nc3 d5 3. Nf3 dxe4 4. Nxe4 Nf6 5. Qe2 Nxe4 6. Qxe4 Nd7 7. Bc4 Nf6 8. Ne5 e6 9. Qe2 Bd6 10. O-O Qc7 11. f4 b5 12. Bd3 a6 13. b3 Bb7 14. Bb2 O-O-O 15. a4 Nd5 16. g3 h5 17. h4 Kb8 18. Be4 f6 19. Nd3 b4 20. Bg2 a5 21. c4 bxc3 22. dxc3 Qb6+ 23. Kh1 Ba6 24. c4 Qxb3 25. Rfb1 Qxc4 26. Bxf6+ Bb4 27. Bxd8 Rxd8 28. Qe5+ Ka7 29. Nxb4 axb4 30. Qxg7+ Ka8 31. Rc1 Nc3 32. Qc7 Rc8 33. Qa5 Kb7 34. Re1 b3 35. Kh2 b2 36. Rab1 Nxb1 37. Rxb1 Qc2 38. Qb4+ Ka7 39. Rxb2 Qd3 40. Qb6+ Ka8 41. Bxc6+ Rxc6 42. Qxc6+ Ka7 43. Qc7+ Ka8 44. Qb8# 1-0


[Site "https://www.chess.com"]

[Event "Titled Tuesday Blitz April 11 Early 2023"]
[White "Ismagilov, Damir"]
[Black "Kabilov, Amin"]
[WhiteFideId "34199982"]
[BlackFideId "14700859"]
[WhiteElo "2078"]
[BlackElo "2110"]
[Result "0-1"]
[Round "02"]
[TimeControl "180+2"]
[Date "2023.04.11"]
[WhiteClock "0:00:43"]
[BlackClock "0:00:20"]

1. d4 Nf6 2. Nf3 g6 3. Bg5 Bg7 4. e3 O-O 5. c4 c5 6. d5 Ne4 7. Qc2 Qb6 8. Qxe4 Qxb2 9. Be2 Qxa1 10. O-O Bf6 11. Bh6 Rd8 12. Na3 Qxa2 13. Nb5 Qxe2 14. Nc7 d6 15. Nxa8 Bf5 16. Qf4 Nd7 17. Nc7 Ne5 18. Nxe5 Bxe5 19. Qh4 Bf6 20. Bg5 Bd3 21. Rc1 Qd2 22. Rf1 Bxf1 23. Bxf6 Qd1 24. h3 exf6 25. Qxf6 Rf8 26. Qxd6 Bxc4+ 27. Kh2 Qd2 28. Qxc5 Bf1 29. Kg3 b6 30. Qe7 Qa5 31. d6 Qc5 32. Qf6 h6 33. e4 Qg5+ 34. Qxg5 hxg5 35. e5 Rd8 36. f4 gxf4+ 37. Kxf4 Bc4 38. Kg5 Kg7 39. g4 f6+ 40. exf6+ Kf7 41. h4 Rxd6 42. h5 gxh5 43. gxh5 Rxf6 44. h6 Rg6+ 45. Kh5 Be2+ 46. Kh4 Rxh6+ 47. Kg5 Rc6 48. Na8 Bf3 49. Nc7 Rxc7 0-1


[Site "https://www.chess.com"]

[Event "Titled Tuesday Blitz April 11 Early 2023"]
[White "Gheorghiu, Calin"]
[Black "Kaidanov, Gregory"]
[WhiteFideId "1200305"]
[BlackFideId "2008564"]
[WhiteElo "2223"]
[BlackElo "2547"]
[Result "1/2-1/2"]
[Round "02"]
[TimeControl "180+2"]
[Date "2023.04.11"]
[WhiteClock "0:00:12"]
[BlackClock "0:00:23"]

1. e4 e5 2. Nf3 Nc6 3. Bb5 a6 4. Ba4 Nf6 5. O-O Nxe4 6. Re1 Nc5 7. Bxc6 dxc6 8. Nxe5 Be7 9. d4 Ne6 10. c3 O-O 11. Be3 Bd6 12. Nd2 c5 13. Ne4 cxd4 14. cxd4 Bb4 15. Nc3 Qh4 16. Qb3 Bd6 17. Nf3 Qh5 18. Ne4 b5 19. d5 Nd8 20. Nxd6 cxd6 21. Bf4 Qg6 22. Qb4 Nb7 23. Bg3 Bd7 24. Nd4 Rac8 25. Rac1 Qg5 26. Nc6 Rfe8 27. Qf4 Qxd5 28. Ne7+ Rxe7 29. Rxe7 g5 30. Rxc8+ Bxc8 31. Qe3 Be6 32. h4 gxh4 33. Bxh4 Nc5 34. Bf6 Qd1+ 35. Kh2 Qh5+ 36. Kg1 Qd1+ 37. Kh2 Qh5+ 38. Kg1 Qd1+ 1/2-1/2


[Site "https://www.chess.com"]

[Event "Titled Tuesday Blitz April 11 Early 2023"]
[White "Koridze, Lile"]
[Black "KRUMMEL2008"]
[WhiteFideId "13612514"]
[WhiteElo "2047"]
[BlackElo "2606"]
[Result "1-0"]
[Round "02"]
[TimeControl "180+2"]
[Date "2023.04.11"]
[WhiteClock "0:00:13"]
[BlackClock "0:00:02"]

1. d4 Nf6 2. c4 g6 3. Nc3 Bg7 4. e4 d6 5. Nf3 O-O 6. Be2 Na6 7. Bf4 Nh5 8. Be3 e5 9. O-O Nf4 10. a3 Nxe2+ 11. Qxe2 Bg4 12. Rad1 f5 13. dxe5 f4 14. Bc1 Bxe5 15. h3 Bxf3 16. Qxf3 Nc5 17. b4 Ne6 18. Ne2 Qh4 19. Qg4 Qf6 20. Qf3 Ng5 21. Qb3 f3 22. Ng3 Rf7 23. c5 Rf8 24. cxd6 cxd6 25. Rd3 Kh8 26. Bxg5 Qxg5 27. Qd5 Qh4 28. Nh1 fxg2 29. Kxg2 Qf4 30. Ng3 Qh4 31. Ne2 Qh5 32. Ng3 Qh4 33. Nh1 Rf4 34. Ng3 Qg5 35. Qe6 R4f6 36. Qg4 Qh6 37. Qd7 R6f7 38. Qe6 Rf6 39. Qg4 Rf4 40. Qe6 Rh4 41. f3 Qg5 42. f4 Bxf4 43. Rdf3 1-0


[Site "https://www.chess.com"]

[Event "Titled Tuesday Blitz April 11 Early 2023"]
[White "Carre, Sylvain"]
[Black "UnknownMagician"]
[WhiteFideId "642118"]
[WhiteElo "2105"]
[BlackElo "2603"]
[Result "1-0"]
[Round "02"]
[TimeControl "180+2"]
[Date "2023.04.11"]
[WhiteClock "0:02:23"]
[BlackClock "0:01:16"]

1. d4 Nf6 2. Bf4 d5 3. e3 c5 4. c3 Nc6 5. Nd2 cxd4 6. exd4 Bf5 7. Ngf3 e6 8. Qb3 Qc8 9. Ne5 Be7 10. Ndf3 O-O 11. Bd3 Ne4 12. O-O f6 13. Nxc6 bxc6 14. Nh4 Nd2 15. Nxf5 Nxb3 16. Nxe7+ Kf7 17. Nxc8 Nxa1 18. Nd6+ Ke7 19. Rxa1 Rab8 20. Nf5+ exf5 21. Bxb8 Rxb8 22. b4 1-0


[Site "https://www.chess.com"]

[Event "Titled Tuesday Blitz April 11 Early 2023"]
[White "Sliwicki, Damian"]
[Black "Pavlov, Danila"]
[WhiteFideId "1127128"]
[BlackFideId "34126594"]
[WhiteElo "2030"]
[BlackElo "2336"]
[Result "1-0"]
[Round "02"]
[TimeControl "180+2"]
[Date "2023.04.11"]
[WhiteClock "0:00:58"]
[BlackClock "0:00:26"]

1. e4 e6 2. Qe2 c5 3. b3 Nc6 4. Nf3 Be7 5. Bb2 Nf6 6. g4 h6 7. Rg1 d5 8. exd5 exd5 9. Bxf6 gxf6 10. Nc3 Be6 11. O-O-O Qa5 12. Kb2 d4 13. Ne4 O-O-O 14. Qb5 Qc7 15. Nxc5 Bxc5 16. Qxc5 Rd5 17. Qc4 Rf5 18. Qe2 Ra5 19. a3 1-0


[Site "https://www.chess.com"]

[Event "Titled Tuesday Blitz April 11 Early 2023"]
[White "Volkov, Maksim"]
[Black "Buscar, Michael"]
[WhiteFideId "54123070"]
[BlackFideId "2603616"]
[WhiteElo "2312"]
[BlackElo "2010"]
[Result "1-0"]
[Round "02"]
[TimeControl "180+2"]
[Date "2023.04.11"]
[WhiteClock "0:00:06"]
[BlackClock "0:00:01"]

1. d4 Nf6 2. c4 e6 3. g3 d5 4. Bg2 c5 5. cxd5 exd5 6. Nf3 Nc6 7. O-O Be7 8. a3 O-O 9. dxc5 Bxc5 10. b4 Be7 11. Bb2 Ne4 12. Nd4 Nxd4 13. Bxd4 a5 14. b5 a4 15. Nc3 Nxc3 16. Bxc3 Be6 17. Qd3 Qb6 18. Bd4 Qd6 19. Rfd1 Rfc8 20. Bb2 Rc5 21. Bc3 Qd7 22. Bb4 Rxb5 23. Bxe7 Rb3 24. Qc2 Qxe7 25. Bxd5 Bxd5 26. Rxd5 Rxa3 27. Rad1 Rb3 28. Rd7 Qf6 29. Qe4 g6 30. R7d6 Qf5 31. Rd8+ Rxd8 32. Rxd8+ Kg7 33. Qxa4 Rb1+ 34. Kg2 Qf6 35. Rd5 Qc6 36. Qd4+ Kh6 37. e4 Qc1 38. Kh3 Qf1+ 39. Kh4 Qe2 40. h3 Rh1 41. Qe5 g5+ 42. Qxg5# 1-0


[Site "https://www.chess.com"]

[Event "Titled Tuesday Blitz April 11 Early 2023"]
[White "Ehlvest, Jaan"]
[Black "Mbonu, David"]
[WhiteFideId "4500016"]
[BlackFideId "30927420"]
[WhiteElo "2442"]
[BlackElo "2361"]
[Result "0-1"]
[Round "02"]
[TimeControl "180+2"]
[Date "2023.04.11"]
[WhiteClock "0:00:23"]
[BlackClock "0:00:15"]

1. e4 e5 2. Nf3 Nc6 3. Bb5 a6 4. Bxc6 dxc6 5. Nc3 Bd6 6. d4 f6 7. dxe5 fxe5 8. Nxe5 Nf6 9. Nc4 O-O 10. Nxd6 cxd6 11. O-O Bg4 12. Qd3 Nh5 13. h3 Be6 14. f4 Qh4 15. f5 d5 16. fxe6 Rxf1+ 17. Qxf1 Rf8 18. Qd3 Qe1+ 19. Kh2 Rf1 20. Qxf1 Qxf1 21. exd5 cxd5 22. Nxd5 Nf6 23. e7 Kf7 24. Nxf6 gxf6 25. b3 Qe2 26. Bb2 Kxe7 27. Rc1 f5 28. Bc3 Kd7 29. Re1 Qxc2 30. Be5 Qxa2 31. b4 Qb3 32. Bf4 Qxb4 33. Rd1+ Ke6 34. g3 Qb2+ 35. Kh1 a5 36. Re1+ Kd7 0-1


[Site "https://www.chess.com"]

[Event "Titled Tuesday Blitz April 11 Early 2023"]
[White "Orlov, Georgi"]
[Black "Mayaud, Raphael"]
[WhiteFideId "2011271"]
[BlackFideId "627151"]
[WhiteElo "2579"]
[BlackElo "2191"]
[Result "1-0"]
[Round "02"]
[TimeControl "180+2"]
[Date "2023.04.11"]
[WhiteClock "0:00:24"]
[BlackClock "0:00:01"]

1. d4 Nf6 2. Nf3 d5 3. c4 c6 4. Nc3 e6 5. e3 Nbd7 6. Bd3 dxc4 7. Bxc4 b5 8. Bd3 Bb7 9. e4 b4 10. Na4 c5 11. e5 Nd5 12. dxc5 Nxc5 13. Nxc5 Bxc5 14. O-O Qb6 15. Ng5 g6 16. Qf3 O-O 17. Qh3 h5 18. Ne4 Be7 19. Bh6 Rfd8 20. Qg3 Kh7 21. Ng5+ Bxg5 22. Bxg5 Rd7 23. Rad1 Ba6 24. Rfe1 Bxd3 25. Rxd3 Rc7 26. Qh4 Rac8 27. g4 Rh8 28. gxh5 Kg8 29. h6 a5 30. Qg4 Kh7 31. Rf3 Rhc8 32. Kg2 Rc2 33. Rxf7+ Kh8 34. Qf3 R8c7 35. Bf6+ 1-0


[Site "https://www.chess.com"]

[Event "Titled Tuesday Blitz April 11 Early 2023"]
[White "Petre, Nad-Titus"]
[Black "Mogirzan, Matei-Valeriu"]
[WhiteFideId "1204165"]
[BlackFideId "1257455"]
[WhiteElo "2354"]
[BlackElo "1733"]
[Result "1-0"]
[Round "02"]
[TimeControl "180+2"]
[Date "2023.04.11"]
[WhiteClock "0:00:11"]
[BlackClock "0:00:02"]

1. e4 e5 2. Nf3 Nf6 3. Nxe5 Nc6 4. Nxc6 dxc6 5. d3 Bc5 6. Be2 h5 7. h3 Qd4 8. Rf1 Be6 9. c3 Qd7 10. Bg5 Nh7 11. Be3 Be7 12. Nd2 c5 13. Qc2 O-O-O 14. O-O-O f5 15. Bxh5 Nf6 16. Bf3 Qxd3 17. Qxd3 Rxd3 18. exf5 Bxf5 19. Nb3 c4 20. Nd4 Bg6 21. Be2 c5 22. Ne6 Nd5 23. Bxd3 cxd3 24. Bxc5 Bf6 25. Bd4 Re8 26. Bxf6 Rxe6 27. Bxg7 Re2 28. Rd2 Nf4 29. g3 Ng2 30. Rfd1 Ne1 31. Bh6 Nf3 32. Rxd3 Bxd3 33. Rxd3 Rxf2 34. Bf4 Rf1+ 35. Kc2 Ne1+ 36. Kd2 Nxd3 37. Kxd3 Rf2 38. b4 Rxa2 39. h4 Rg2 40. Kc4 Kd7 41. h5 Kc6 42. h6 b5+ 43. Kd4 Rh2 44. Ke4 a5 45. bxa5 Kb7 46. Kf5 Ka6 47. Kg6 Kxa5 48. h7 b4 49. cxb4+ Kxb4 50. Bh6 Kb3 51. h8=Q Rc2 52. Qb8+ Ka2 53. Qa7+ Kb2 54. Qb6+ Ka2 55. Qa5+ Kb3 56. Qb5+ Ka3 57. Bf8+ Ka2 58. Qa4+ Kb1 59. Qb3+ Kc1 60. Bh6+ Kd1 61. Qb1+ 1-0


[Site "https://www.chess.com"]

[Event "Titled Tuesday Blitz April 11 Early 2023"]
[White "Melian, Juan Sebastian"]
[Black "Mrudul Dehankar"]
[WhiteFideId "3706575"]
[BlackFideId "25096990"]
[WhiteElo "2035"]
[BlackElo "2139"]
[Result "1-0"]
[Round "02"]
[TimeControl "180+2"]
[Date "2023.04.11"]
[WhiteClock "0:00:08"]
[BlackClock "0:00:01"]

1. b3 e5 2. Bb2 Nc6 3. e3 Nf6 4. g3 d5 5. Bg2 Be7 6. Ne2 O-O 7. O-O a5 8. a3 h6 9. h3 Re8 10. d3 Bc5 11. Nd2 Qe7 12. e4 Be6 13. Kh2 Rad8 14. Nc3 dxe4 15. Ndxe4 Nxe4 16. Nxe4 Bb6 17. Qh5 f5 18. Nd2 Nd4 19. Bxd4 Bxd4 20. Rae1 Bc3 21. Re2 c6 22. Nb1 Bd4 23. Rfe1 Qf6 24. c3 Bf7 25. Qf3 Bb6 26. b4 Kf8 27. Nd2 Bd5 28. Qh5 Bxg2 29. Kxg2 Rxd3 30. Nc4 Bc7 31. Ne3 f4 32. Ng4 Qd6 33. gxf4 Qd5+ 34. Kg1 e4 35. Qg6 Bxf4 36. Rxe4 Rxe4 37. Rxe4 Rd1+ 38. Kg2 Kg8 39. Nf6+ 1-0


[Site "https://www.chess.com"]

[Event "Titled Tuesday Blitz April 11 Early 2023"]
[White "Guz, Ari"]
[Black "Klepikov, Nikita"]
[WhiteFideId "2825759"]
[BlackFideId "24145220"]
[WhiteElo "2205"]
[BlackElo "2025"]
[Result "1-0"]
[Round "02"]
[TimeControl "180+2"]
[Date "2023.04.11"]
[WhiteClock "0:02:00"]
[BlackClock "0:00:01"]

1. h4 d5 2. h5 e5 3. d4 e4 4. h6 Nxh6 5. Bxh6 gxh6 6. c4 c6 7. Nc3 Bg7 8. e3 O-O 9. Nge2 Bg4 10. Qb3 Nd7 11. cxd5 Nf6 12. Nf4 cxd5 13. Nfxd5 Nxd5 14. Qxd5 Qxd5 15. Nxd5 Rfd8 16. Nc3 a6 17. Nxe4 Re8 18. Bd3 Bxd4 19. exd4 f5 20. f3 fxe4 21. fxe4 Bf5 22. Bc4+ Kg7 23. e5 Rac8 24. Bb3 Rcd8 25. Rd1 b5 26. Kf2 Rf8 27. Ke3 1-0


[Site "https://www.chess.com"]

[Event "Titled Tuesday Blitz April 11 Early 2023"]
[White "Horak, Martin"]
[Black "Jarocka, Liwia"]
[WhiteFideId "367095"]
[BlackFideId "21807558"]
[WhiteElo "2091"]
[BlackElo "2013"]
[Result "1-0"]
[Round "02"]
[TimeControl "180+2"]
[Date "2023.04.11"]
[WhiteClock "0:00:08"]
[BlackClock "0:00:14"]

1. e4 e6 2. Nf3 d5 3. e5 c5 4. b4 cxb4 5. a3 bxa3 6. d4 Nc6 7. c3 f6 8. Bd3 fxe5 9. dxe5 Nge7 10. Bxa3 Nf5 11. Bxf8 Rxf8 12. O-O g6 13. Na3 a6 14. Nb5 Bd7 15. Nbd4 Nh4 16. Nxh4 Qxh4 17. g3 Qe7 18. Qd2 Rc8 19. f4 Qc5 20. Kg2 Kd8 21. Nf3 Ne7 22. Rac1 b5 23. Rc2 Rc7 24. Ra1 Bc8 25. h4 Nf5 26. Bxf5 gxf5 27. Nd4 Rg8 28. Qe3 Ke7 29. h5 Rg4 30. Rf1 Bb7 31. Qd3 Qc4 32. Qe3 h6 33. Rf3 a5 34. Rb2 b4 35. cxb4 axb4 36. Rc2 Qxc2+ 37. Nxc2 Rxc2+ 38. Kh3 Rc3 39. Qe2 Ba6 40. Qd1 Rxf3 41. Qxf3 Bc4 42. Qe3 b3 43. Qa7+ Ke8 44. Qb8+ Ke7 45. Qd6+ Kf7 46. Qd7+ Kf8 47. Qxe6 Rg7 48. Qd6+ Kg8 49. e6 b2 50. Qb8+ Kh7 51. Qxb2 Re7 52. Qf6 Rc7 53. e7 Bb5 54. Qg6+ Kh8 55. e8=Q+ 1-0


[Site "https://www.chess.com"]

[Event "Titled Tuesday Blitz April 11 Early 2023"]
[White "Matveeva, Olga"]
[Black "Kokoszczynski, Jan"]
[WhiteFideId "24107018"]
[BlackFideId "1174460"]
[WhiteElo "2056"]
[BlackElo "2139"]
[Result "0-1"]
[Round "02"]
[TimeControl "180+2"]
[Date "2023.04.11"]
[WhiteClock "0:00:11"]
[BlackClock "0:00:18"]

1. d4 Nf6 2. c4 e6 3. g3 d5 4. Nf3 Bb4+ 5. Bd2 Be7 6. Bg2 O-O 7. O-O c6 8. Qc2 b6 9. Rd1 Bb7 10. Bf4 Nbd7 11. Ne5 Rc8 12. Nc3 Nxe5 13. dxe5 Nd7 14. cxd5 cxd5 15. e4 dxe4 16. Bxe4 Bxe4 17. Qxe4 Qc7 18. Nb5 Nc5 19. Qf3 Qb8 20. b4 Na6 21. a3 Nc7 22. Nd6 Rcd8 23. Rac1 Nd5 24. Rc6 Bxd6 25. exd6 Rd7 26. Be5 Qd8 27. b5 Qg5 28. Bf4 Qf6 29. Qe4 Nc3 30. Rxc3 Qxc3 31. Qc6 Qb3 32. Rc1 Rdd8 33. Rc3 Qb1+ 34. Kg2 h6 35. h4 Qd1 36. Qc7 Qd5+ 37. Kh2 g5 38. hxg5 hxg5 39. Be3 Kg7 40. Qc6 Rh8+ 0-1


[Site "https://www.chess.com"]

[Event "Titled Tuesday Blitz April 11 Early 2023"]
[White "Fuzesabonyilaci"]
[Black "Berezin, Viktor"]
[BlackFideId "14107872"]
[WhiteElo "2341"]
[BlackElo "2310"]
[Result "0-1"]
[Round "02"]
[TimeControl "180+2"]
[Date "2023.04.11"]
[WhiteClock "0:00:03"]
[BlackClock "0:00:43"]

1. Nf3 Nf6 2. b4 g6 3. Bb2 Bg7 4. g3 O-O 5. Bg2 d6 6. O-O c6 7. c4 a5 8. a3 Na6 9. Qb3 Qb6 10. Bc3 Nc5 11. Qb2 Na4 12. Qb3 Nxc3 13. Nxc3 Bf5 14. d4 Ne4 15. Nxe4 Bxe4 16. e3 c5 17. dxc5 dxc5 18. b5 Bxa1 19. Rxa1 a4 20. Qb2 Rfd8 21. Nd2 Bxg2 22. Kxg2 f5 23. Nf3 Qf6 24. Qxf6 exf6 25. Kf1 b6 26. Ke2 Rd6 27. Rd1 Rad8 28. Rxd6 Rxd6 29. Ne1 Kf7 30. Nd3 g5 31. Nc1 f4 32. gxf4 gxf4 33. Nd3 fxe3 34. fxe3 Ke6 35. Nf4+ Ke5 36. Nd3+ Ke4 37. Nf2+ Kf5 38. Nd3 Kg4 39. Nf4 h5 40. Nd5 Kh3 41. Nf4+ Kg4 42. Nd5 h4 43. Nf4 f5 44. h3+ Kg3 45. Ke1 Kf3 46. Nd5 Re6 47. Kd2 Kg3 48. Nf4 Rd6+ 49. Ke2 Rd8 50. Ke1 Kf3 51. Nd5 Rg8 52. Nxb6 Kxe3 53. Nd5+ Kd3 54. b6 Kxc4 55. Ne7 Rb8 56. Nxf5 Rxb6 57. Nxh4 Rb3 58. Kd2 Rxh3 59. Nf5 Rxa3 60. Kc2 Rf3 61. Nd6+ Kd5 62. Nb5 Rf2+ 63. Kc3 Rf3+ 64. Kc2 c4 65. Nc3+ Kd4 66. Nxa4 Rf2+ 67. Kc1 c3 68. Nb6 Kd3 69. Kb1 Rf1+ 70. Ka2 c2 71. Nd5 c1=Q 72. Nb4+ Kd4 73. Nc6+ Qxc6 74. Kb3 Rb1+ 75. Ka2 Qc2+ 0-1


[Site "https://www.chess.com"]

[Event "Titled Tuesday Blitz April 11 Early 2023"]
[White "Arpita, Mukherjee"]
[Black "Van Foreest, Machteld"]
[WhiteFideId "5056403"]
[BlackFideId "1051563"]
[WhiteElo "2129"]
[BlackElo "2018"]
[Result "1-0"]
[Round "02"]
[TimeControl "180+2"]
[Date "2023.04.11"]
[WhiteClock "0:01:32"]
[BlackClock "0:01:08"]

1. e4 c5 2. Nf3 d6 3. Bb5+ Nd7 4. d4 cxd4 5. Qxd4 a6 6. Bxd7+ Bxd7 7. c4 Nf6 8. Nc3 e5 9. Qd3 Be7 10. a4 O-O 11. O-O Rc8 12. b3 Bc6 13. Ba3 Qd7 14. Nxe5 dxe5 15. Qxd7 Nxd7 16. Bxe7 Rfe8 17. Ba3 Red8 18. f3 Nf8 19. Bxf8 Kxf8 20. Rfd1 Ke7 21. Kf2 Rd4 22. Rxd4 exd4 23. Nd5+ Bxd5 24. exd5 Kd6 25. Ke2 Kc5 26. Kd3 Re8 27. b4+ Kxb4 28. Kxd4 Rc8 29. Rb1+ Kxa4 30. Rxb7 Rf8 31. c5 a5 32. c6 Rc8 33. Kc5 1-0


[Site "https://www.chess.com"]

[Event "Titled Tuesday Blitz April 11 Early 2023"]
[White "Hoffmann, Asa"]
[Black "Lehtosaari, Mauri"]
[WhiteFideId "2001470"]
[BlackFideId "501999"]
[WhiteElo "2117"]
[BlackElo "2537"]
[Result "1-0"]
[Round "02"]
[TimeControl "180+2"]
[Date "2023.04.11"]
[WhiteClock "0:00:38"]
[BlackClock "0:00:07"]

1. d4 d5 2. Bg5 h6 3. Bh4 c6 4. e3 Qb6 5. b3 Bf5 6. Bd3 e6 7. Bxf5 exf5 8. Ne2 Nd7 9. O-O Ngf6 10. c4 g6 11. Nbc3 Bg7 12. cxd5 Nxd5 13. Nxd5 cxd5 14. Nc3 Qa5 15. b4 Qxb4 16. Nxd5 Qd6 17. Qb3 Nb6 18. Nxb6 axb6 19. Bg3 Qd7 20. Qxb6 O-O 21. Rfb1 Rfc8 22. h4 Rc2 23. Qb3 Qc8 24. a4 Ra7 25. a5 Bf6 26. Qb6 Ra6 27. Qxb7 Qxb7 28. Rxb7 Kg7 29. Rb6 Rc6 30. Rxa6 Rxa6 31. Bc7 Be7 32. Bb6 Bd6 33. g3 Bb8 34. Kf1 Ba7 35. Bxa7 Rxa7 36. Ke2 Kf6 37. Kd3 Ke6 38. Kc4 Kd6 39. a6 Kc6 40. d5+ Kb6 41. Kd4 f6 42. Rb1+ Kc7 43. Rb7+ Rxb7 44. axb7 Kxb7 45. Kc5 Kc7 46. d6+ Kd7 47. Kd5 h5 48. Kc5 g5 49. Kd5 f4 50. exf4 g4 51. f5 1-0


[Site "https://www.chess.com"]